 Dungeon Crawl Stone Soup version bcrawl-1.19.1 (webtiles) character file.

Game seed: 6162050856622483008

137 Freyura the Skirmisher (level 5, 0/48 HPs)
             Began as a Hill Orc Fighter on Dec 8, 2019.
             Was an Initiate of the Shining One.
             Slain by a gnoll
             ... wielding a +0 halberd
              (7 damage)
             ... on level 3 of the Dungeon.
             The game lasted 00:06:52 (2394 turns).

Freyura the Skirmisher (Hill Orc Fighter)           Turns: 2394, Time: 00:06:53

Health: 0/48       AC: 11    Str: 19    XL:     5   Next: 20%
Magic:  5/5        EV:  3    Int:  8    God:    the Shining One [......]
Gold:   157        SH: 10    Dex: 11    Spells: 4/4 levels left

rFire    . . .     SeeInvis .   p - -1 mace (curse)
rCold    . . .     Gourm    .   c - +1 shield
rNeg     . . .     Faith    .   l - +0 plate armour
rPois    .         Spirit   .   (no helmet)
rElec    .         Reflect  .   (no cloak)
rCorr    .         Harm     .   (no gloves)
MR       .....                  (no boots)
Stlth    ..........             (no amulet)
HPRegen  0.16/turn              i - ring of attention (curse)
MPRegen  0.09/turn              h - +3 ring of slaying

@: lethally poisoned (0 -> -1), glowing
A: no striking features
a: Renounce Religion


You were on level 3 of the Dungeon.
You worshipped the Shining One.
The Shining One was noncommittal.
You were not hungry.

You visited 1 branch of the dungeon, and saw 3 of its levels.

You collected 157 gold pieces.

Inventory:

Hand Weapons
 a - a +0 flail
 p - a cursed -1 mace (weapon)
Armour
 b - a +0 scale mail
 c - a +1 shield (worn)
 l - a +0 plate armour (worn)
Jewellery
 h - a +3 ring of slaying (right hand)
 i - a cursed ring of attention (left hand)
Scrolls
 q - 2 scrolls of identify
 s - a scroll of enchant weapon {unknown}
Potions
 d - a potion of might
 g - a potion of agility {unknown}
 j - a potion of ambrosia {unknown}
 k - 2 potions of berserk rage
 m - a potion of mutation {unknown}
 n - a potion of curing {unknown}
 o - a potion of invisibility {unknown}
Comestibles
 f - 6 rations {!d}


   Skills:
 * Level 5.0 Fighting
   Level 5.0 Short Blades
   Level 5.0 Long Blades
   Level 5.0 Axes
   Level 5.0 Maces & Flails
   Level 5.0 Polearms
   Level 5.0 Staves
 + Level 4.2 Armour
 + Level 4.1 Shields
   Level 5.0 Unarmed Combat
 + Level 0.5 Invocations


You had 4 spell levels left.
You didn't know any spells.
Your spell library was empty.

Dungeon Overview and Level Annotations

Branches:
Dungeon (3/12)

Altars:
Vehumet
The Shining One


Message History

You closely miss the gnoll.
The gnoll is almost dead.
The gnoll barely misses you. The gnoll hits you but does no damage.
Your shield and plate armour prevent you from hitting the gnoll.
The gnoll is almost dead.
You feel sick. The gnoll hits you with a +0 halberd.
* * * LOW HITPOINT WARNING * * *
You block the gnoll's attack.
You closely miss the gnoll.
The gnoll is almost dead.
You block the gnoll's attack. The gnoll hits you but does no damage.
You closely miss the gnoll.
The gnoll is almost dead.
A scorpion comes into view.
The gnoll hits you but does no damage. You block the gnoll's attack.
You hit the gnoll but do no damage.
The gnoll is almost dead.
You feel sick. The gnoll barely misses you.
The gnoll hits you from afar with a +0 halberd!
You die...

........... ..........
....... #...# #...# #)..#
#. #)..##### #.
######s....... #.
#...@gg..##### . #.
#.####...## .#
###.###.##......# ###.####
...........##.#.# #<.....#
###.##.##.##.#.###.#.##.#
####.##...............##.##
#.......##.##..............
#.......##......###..#.#.#.
#.......#####.### #...#..#.


You could see a scorpion and 2 gnolls.

Vanquished Creatures
  5 gnolls
  An adder (D:3)
  An ooze (D:2)
  5 worms (D:2)
  2 dart slugs
  5 leopard geckos
  3 orcs (D:3)
  7 bats
  A giant cockroach (D:1)
  4 hobgoblins
  3 jackals (D:2)
  3 quokkas
  A frilled lizard (D:2)
  2 goblins (D:1)
  5 kobolds
  3 rats (D:2)
51 creatures vanquished.

Notes
Turn   | Place    | Note
-------+----------+-------------------------------------------
     0 | D:1      | Freyura the Hill Orc Fighter began the quest for the Orb.
     0 | D:1      | Reached XP level 1. HP: 20/20 MP: 1/1
   277 | D:1      | Reached XP level 2. HP: 22/27 MP: 2/2
   958 | D:2      | Found a faded altar of an unknown god.
  1009 | D:2      | Reached XP level 3. HP: 27/34 MP: 3/3
  1477 | D:2      | Reached XP level 4. HP: 33/41 MP: 4/4
  1521 | D:2      | Found a radiant altar of Vehumet.
  2074 | D:2      | Found a glowing golden altar of the Shining One.
  2242 | D:2      | Became a worshipper of the Shining One
  2362 | D:3      | Reached XP level 5. HP: 47/47 MP: 5/5
  2385 | D:3      | Reached skill level 5 in Fighting
  2394 | D:3      | Slain by a gnoll

Skill      XL: |  1  2  3  4  5 |
---------------+----------------+-----
Armour         | 4 |  4.2
Shields        | 4 |  4.1
Fighting       | 5 |  5.0
Short Blades   | |  5.0
Long Blades    | |  5.0
Axes           | |  5.0
Maces & Flails | |  5.0
Polearms       | |  5.0
Staves         | |  5.0
Unarmed Combat | |  5.0
Invocations    | |  0.5

Action                   |  1- 3 |  4- 6 || total
-------------------------+-------+-------++-------
Melee: Flail             |    45 |       ||    45
       Mace              |   110 |    78 ||   188
  Use: Scroll            |     5 |     1 ||     6
       Potion            |       |     1 ||     1
  Eat: Chunk             |     2 |     3 ||     5
Armor: Scale mail        |    16 |       ||    16
       Plate armour      |    70 |    43 ||   113
Dodge: Dodged            |    35 |     9 ||    44
Block: Shield            |    89 |    40 ||   129
